General information
- name: BNet
- type: Ladder 1vs1/FFA
- host: Battle.net
- saver: iggy72
map: TidewaterGlades
- players: 2
- length: 89:24
- speed: Fast
- version: 1.26 W3XP
- replay type: Public
» download(478 KB)
Players
team 1 (winner)
iggy72 (
orange | 33 APM | 2989 actions | 89:24)
5 Archmage
2 Blizzard
3 Brilliance Aura
5 Blood Mage
3 Flame Strike
2 Siphon Mana
5 Paladin
2 Holy Light
3 Divine Shield
» actions
| Assign group hotkey | 78 | |
| Basic commands | 197 | |
| Build / train | 116 | |
| ESC pressed | 2 | |
| Enter build submenu | 46 | |
| Enter hero's abilities submenu | 15 | |
| Give item / drop item | 11 | |
| Remove unit from queue | 1 | |
| Right click | 1217 | |
| Select / deselect | 591 | |
| Select group hotkey | 409 | |
| Use ability | 306 | |
2989 total
» units
| Peasant | 11 | |
| Sorceress | 7 | |
| Dragonhawk Rider | 7 | |
| Gryphon Rider | 9 | |
| Thunder Lizard | 1 | |
| Goblin Zeppelin | 1 | |
| Goblin Sapper | 6 | |
42 total
» upgrades
| Masonry | 3 | |
| Sorceress Training | 2 | |
| Magic Sentry | 1 | |
| Cloud | 1 | |
| Storm Hammers | 1 | |
| Animal War Training | 1 | |
| Swords | 1 | |
| Armor | 2 | |
12 total
» buildings
| Altar of Kings | 1 | |
| Farm | 8 | |
| Arcane Vault | 1 | |
| Scout Tower | 45 | |
| Arcane Tower | 2 | |
| Lumber Mill | 1 | |
| Keep | 1 | |
| Guard Tower | 6 | |
| Arcane Sanctum | 2 | |
| Castle | 1 | |
| Gryphon Aviary | 2 | |
| Barracks | 1 | |
| Blacksmith | 2 | |
| Town Hall | 2 | |
75 total
» build order
00:05 Altar of Kings
00:15 Farm
00:34 Arcane Vault
01:01 Farm
01:02 Farm
01:11 Scout Tower
01:43 Arcane Tower
01:54 Scout Tower
02:03 Lumber Mill
02:29 Arcane Tower
02:55 Keep
03:01 Farm
03:19 Farm
03:23 Scout Tower
03:25 Scout Tower
03:55 Farm
04:04 Scout Tower
04:05 Scout Tower
04:50 Guard Tower
05:25 Arcane Sanctum
06:02 Arcane Sanctum
06:41 Castle
07:21 Guard Tower
10:15 Farm
10:38 Gryphon Aviary
10:40 Gryphon Aviary
11:41 Farm
15:34 Barracks
16:33 Blacksmith
16:35 Blacksmith
21:14 Town Hall
22:07 Scout Tower
22:07 Scout Tower
22:08 Scout Tower
22:09 Scout Tower
23:18 Town Hall
23:19 Scout Tower
23:19 Scout Tower
23:20 Scout Tower
23:21 Scout Tower
25:45 Guard Tower
25:49 Scout Tower
25:49 Scout Tower
25:50 Scout Tower
25:50 Scout Tower
25:53 Guard Tower
25:54 Scout Tower
25:55 Scout Tower
25:56 Scout Tower
25:56 Scout Tower
25:59 Scout Tower
26:34 Guard Tower
32:37 Guard Tower
36:03 Scout Tower
36:04 Scout Tower
36:05 Scout Tower
36:09 Scout Tower
36:39 Scout Tower
36:40 Scout Tower
36:40 Scout Tower
37:15 Scout Tower
37:16 Scout Tower
37:23 Scout Tower
37:24 Scout Tower
37:25 Scout Tower
37:26 Scout Tower
38:05 Scout Tower
38:05 Scout Tower
38:08 Scout Tower
38:08 Scout Tower
38:10 Scout Tower
38:12 Scout Tower
38:32 Scout Tower
38:34 Scout Tower
38:35 Scout Tower
» items
| Scroll of Regeneration | 8 | |
| Lesser Clarity Potion | 6 | |
| Mechanical Critter | 2 | |
| Potion of Healing | 6 | |
| Staff of Sanctuary | 1 | |
| Orb of Fire | 1 | |
| Scroll of Town Portal | 2 | |
| Boots of Speed | 2 | |
| Periapt of Vitality | 2 | |
| Potion of Lesser Invulnerability | 1 | |
| Scroll of Healing | 1 | |
| Circlet of Nobility | 1 | |
33 total
team 2 (loser)
SKYRIM1234 (
yellow | 32 APM | 1447 actions | 45:26)
7 Mountain King
2 Thunder Clap
3 Bash
2 Storm Bolt
» actions
| Assign group hotkey | 17 | |
| Basic commands | 88 | |
| Build / train | 102 | |
| ESC pressed | 23 | |
| Enter build submenu | 33 | |
| Enter hero's abilities submenu | 7 | |
| Give item / drop item | 3 | |
| Right click | 430 | |
| Select / deselect | 419 | |
| Select group hotkey | 211 | |
| Use ability | 114 | |
1447 total
» units
| Peasant | 26 | |
| Footman | 6 | |
| Rifleman | 9 | |
| Spell Breaker | 3 | |
| Priest | 1 | |
| Flying Machine | 14 | |
59 total
» upgrades
| Plating | 1 | |
| Gunpowder | 1 | |
| Defend | 1 | |
| Magic Sentry | 1 | |
| Swords | 1 | |
| Armor | 1 | |
| Priest Training | 1 | |
7 total
» buildings
| Altar of Kings | 1 | |
| Farm | 12 | |
| Barracks | 2 | |
| Arcane Vault | 1 | |
| Blacksmith | 1 | |
| Keep | 1 | |
| Arcane Sanctum | 3 | |
| Scout Tower | 7 | |
| Arcane Tower | 4 | |
| Workshop | 3 | |
35 total
» build order
00:05 Altar of Kings
00:09 Farm
00:51 Barracks
00:56 Farm
01:34 Farm
02:03 Arcane Vault
02:18 Farm
02:58 Blacksmith
03:01 Farm
03:44 Barracks
05:57 Farm
05:58 Farm
07:20 Keep
10:01 Arcane Sanctum
10:02 Arcane Sanctum
10:14 Scout Tower
10:15 Scout Tower
10:19 Scout Tower
10:20 Scout Tower
10:35 Arcane Sanctum
10:53 Arcane Tower
11:25 Arcane Tower
11:32 Farm
11:33 Farm
11:34 Farm
12:39 Scout Tower
12:40 Scout Tower
12:42 Scout Tower
12:45 Farm
13:15 Arcane Tower
14:34 Arcane Tower
14:37 Farm
15:32 Workshop
16:04 Workshop
16:51 Workshop
» items
| Scroll of Regeneration | 3 | |
| Lesser Clarity Potion | 7 | |
| Mechanical Critter | 2 | |
| Tome of Retraining | 1 | |
| Potion of Healing | 1 | |
| Potion of Mana | 5 | |
| Ivory Tower | 3 | |
22 total
Chat log
(00:35 / All) SKYRIM1234: is it lagging for you?
(25:10 / All) SKYRIM1234: i hate people like you.
(25:13 / All) iggy72: u mad?
(25:20 / All) SKYRIM1234: yup. youre a bitch
(25:22 / All) iggy72: so mad
(25:23 / All) iggy72: :D
(25:35 / All) SKYRIM1234: yeah, youre right. youre a flaming little fag who cant micro for shit
(25:41 / All) iggy72: blah blah blah rage
(26:15 / All) SKYRIM1234: yep. thats right im raging. you wouldnt be able to do shit if you did have youre little invis peasant killing
(26:24 / All) iggy72: tldr
(26:41 / All) SKYRIM1234: and now gay internet slang? good for you. have fun with no ladies in your life
(26:45 / All) iggy72: ragequit
(26:47 / All) iggy72: incoming
(27:00 / All) SKYRIM1234: nope. not going to. im gonna waste the shit out of youre time
(27:04 / All) iggy72: so
(27:05 / All) iggy72: what youre saynig
(27:10 / All) iggy72: is my time is more valuable than yours?
(27:27 / All) SKYRIM1234: no, because im leaving for work. therefore, if you want the win, you have to waste your own time
(27:29 / All) iggy72: because thats what i tsounded like
(27:43 / All) iggy72: ps only virgins care about records :D
(27:56 / All) SKYRIM1234: then you must really care about it
(28:01 / All) iggy72: EPIC COMEBACK
(28:05 / All) iggy72: hey i thought you had to go to work :D
(28:07 / All) SKYRIM1234: and ps means post script. you didnt say anything before
(28:12 / All) iggy72: F12
(28:18 / All) SKYRIM1234: yeah, i do. at 445. so have fun
(28:26 / All) iggy72: i love you <3
(28:55 / All) SKYRIM1234: im sure you do. dont you hope you hear someone say that to you at least once in your life, besides your mother?
(29:03 / All) iggy72: you are REALLY convincing me that you arent mad
(29:06 / All) iggy72: lol
(29:28 / All) SKYRIM1234: must suck not having anyone there for you. when you fucking thigs up with whoever you end up liking, think of this
(29:34 / All) SKYRIM1234: where you just sat there and took it
(29:38 / All) iggy72: lol?
(29:42 / All) iggy72: i seem to be winning
(29:44 / All) iggy72: without trying
(29:46 / All) iggy72: which is funny
(29:52 / All) SKYRIM1234: i already said i was mad. "f12" idiot
(30:01 / All) iggy72: its only a game :)
(30:14 / All) iggy72: you should try not to let it bother you so much
(30:42 / All) SKYRIM1234: no shit, its easy when you use bitch strats. but hey, i have a life to attend to. have fun touching yourself <3
(30:47 / All) iggy72: uh oh
(30:51 / All) iggy72: last word has been LAID DOWN
(31:41 / All) iggy72: god im touching myself so much right now
(32:14 / All) iggy72: never even tier 3
(32:14 / All) iggy72: pro
(44:51 / All) iggy72: ok noob
(44:57 / All) iggy72: since i KNOW youre gonna read the chat log when you come back
(45:13 / All) iggy72: just unpause it and we'll consider that your ragequit
(45:14 / All) iggy72: have fun